 Dungeon Crawl Stone Soup version 0.29-a0-96-g93358da72b (webtiles) character file.

Game seed: 511050582676514705

1 Nelsoonmonsoon the Magician (level 1, -1/13 HPs)
             Began as a Palentonga Hedge Wizard on Feb 11, 2022.
             Slain by a hobgoblin (2 damage)
             ... on level 1 of the Dungeon on Feb 12, 2022.
             The game lasted 00:01:54 (23 turns).

Nelsoonmonsoon the Magician (Palentonga Hedge Wizard) Turns: 23, Time: 00:01:55

Health: -1/13      AC:  4    Str: 13    XL:     1   Next: 16%
Magic:  4/4        EV:  9    Int: 14    God:
Gold:   0          SH:  0    Dex:  9    Spells: 5/6 levels left

rFire   . . .      SeeInvis +   a - +0 dagger
rCold   . . .      Faith    .   (no shield)
rNeg    . . .      Spirit   .   b - +0 robe
rPois   .          Reflect  .   c - +0 hat
rElec   .          Harm     .   (no cloak)
rCorr   .          Rampage  .   (no gloves)
Will    .....                   (no barding)
Stlth   +.........              (no amulet)
HPRegen 0.04/turn               (no ring)
MPRegen 0.09/turn               (no ring)

@: no status effects
A: large, rugged brown scales 3, see invisible, deformed body, roll 1, armoured
tail
a: Rolling Charge


You were on level 1 of the Dungeon.
You visited 1 branch of the dungeon, and saw 1 of its levels.

Inventory:

Hand Weapons
 a - a +0 dagger (weapon)
Armour
 b - a +0 robe (worn)
 c - a +0 hat (worn)


   Skills:
 + Level 1.5 Dodging
 + Level 1.2 Stealth
 + Level 3.0 Spellcasting
 + Level 0.9 Conjurations
 + Level 0.7 Summonings
 + Level 1.0 Translocations


You had 5 spell levels left.
You knew the following spells:

 Your Spells              Type           Power      Damage    Failure   Level
a - Magic Dart            Conj           16%        1d3       14%         1

Your spell library contained the following spells:

 Spells                   Type           Power      Damage    Failure   Level
 Slow                     Hex            8%         N/A       22%         1
 Blink                    Tloc           10%        N/A       22%         2
 Call Imp                 Summ           4%         N/A       24%         2
 Conjure Flame            Conj/Fire      3%         6-21      47%         3
 Mephitic Cloud           Conj/Pois/Air  2%         N/A       50%         3


Dungeon Overview and Level Annotations

Branches:
Dungeon (1/15)

Altars:


Innate Abilities, Weirdness & Mutations

You are completely covered in rugged brown scales. (AC +3, +7% HP)
You have supernaturally acute eyesight. (SInv)
Armour fits poorly on your strangely shaped body.
You can roll at nearby foes to attack.
You have a long armoured tail.


Message History

A hobgoblin and an endoplasm come into view.
The hobgoblin shouts!
The endoplasm quivers.
A bat comes into view.
The ball python bites you but does no damage.
You hit the ball python.
You kill the ball python!
An endoplasm comes into view.
The bat closely misses you. The rat barely misses you.
The endoplasm quivers.
The bat misses you. The bat hits you but does no damage. The rat bites you.
A bat comes into view.
The bat hits you but does no damage. The rat bites you.
The bat barely misses you. The bat hits you but does no damage.
The endoplasm hits you but does no damage.
The rat bites you but does no damage. The bat barely misses you.
The hobgoblin hits you. The rat bites you but does no damage.
The endoplasm freezes you.
You are frozen.
The hobgoblin hits you but does no damage.
The endoplasm freezes you.
You are frozen.
* * * LOW HITPOINT WARNING * * *
The rat bites you but does no damage. The bat hits you.
* * * LOW HITPOINT WARNING * * *
The hobgoblin closely misses you.
The endoplasm hits you but does no damage.
The rat bites you but does no damage. The bat hits you but does no damage.
The hobgoblin hits you but does no damage.
The endoplasm hits you but does no damage.
The rat barely misses you. The bat closely misses you.
The hobgoblin barely misses you. The rat bites you.
* * * LOW HITPOINT WARNING * * *
The endoplasm jiggles.
The endoplasm hits you but does no damage.
The bat hits you but does no damage. The hobgoblin hits you.
You die...

...... # ....#
.###.#.# .
....#.### #...
#.##......### #...#
.......J.... ...#
#.....gr#.#####...#
.....bJ@b...##...#
####.#..#.#.##...#
#..#...#...#
#........'...+
#.##.....#...##
#......####...#
######.# #...## #.#
##...# #.# #...##


You could see 2 endoplasms, a hobgoblin, 2 bats and a rat.

Vanquished Creatures
  A ball python (D:1)
1 creature vanquished.

Notes
Turn   | Place    | Note
-------+----------+-------------------------------------------
     0 | D:1      | Nelsoonmonsoon the Palentonga Hedge Wizard began the quest
                  | for the Orb.
     0 | D:1      | Reached XP level 1. HP: 13/13 MP: 4/4
    23 | D:1      | Slain by a hobgoblin

Illustrated notes

Levels and vault maps discovered:
D:1:      evilmike_arrival_crescent, layout_loops_cross,
          shapermc_ecumenical_altar_totnotflames, corner_web_ring

Action                   || total
-------------------------++-------
Melee: Dagger            ||     1
Armor: Robe              ||    16
Dodge: Dodged            ||     9

Table legend: (Time is in decaauts)
 A = Elapsed time spent in this place.
 B = Non-inter-level travel time spent in this place.
 C = Inter-level travel time spent in this place.
 D = Time resting spent in this place.
 E = Time spent auto-exploring this place.
 F = Levels seen in this place.
 G = Mean time per level.
                   A        B        C        D        E       F      G
               +--------+--------+--------+--------+--------+-----+--------+
         Total |     23 |     20 |      3 |      0 |      0 |   1 |   23.0 |
       Dungeon |     23 |     20 |      3 |      0 |      0 |   1 |   23.0 |
               +--------+--------+--------+--------+--------+-----+--------+

Top non-repeatable levels by time:
     D:1: 23 daAuts
